[Event "Early-Titled-Tuesday-Blitz-March-26-2024"]
[Site "Chess.com"]
[Date "2024.03.26"]
[Round "6"]
[White "KuzubovYuriy"]
[Black "Firouzja2003"]
[Result "0-1"]
[WhiteElo "2919"]
[BlackElo "3087"]
[TimeControl "180+1"]
[EndTime "9:04:56 PDT"]
[Termination "Firouzja2003 won on time"]

1. d4 Nf6 2. c4 e6 3. Nf3 b6 4.
g3 Ba6 5. Qc2 Bb7 6. Bg2 c5 7.
d5 exd5 8. cxd5 Nxd5 9. O-O Nc6 10. Rd1 Be7 11. Qa4 Ndb4 12. a3 a5 13. Qb3 a4 14.
Qc3 Nd4 15. Nxd4 cxd4 16. Qxd4 Nc2 17. Qxg7 Bf6 18. Qg4 Bxg2 19. Kxg2 Nxa1 20. Qe4+ Kf8 21. Bh6+ Bg7 22. Bxg7+ Kxg7 23. Qg4+ Kf8 24. Nc3 Nb3 25. Rxd7 Qf6 26. Nd5 Qe6 27. Qf4 Nc5 28. Rxf7+ Qxf7 29. Qd6+ Kg8 30. Ne7+ Kg7 31. Qe5+ Qf6 32. Nf5+ Kg6 33. Nh4+ Kf7 34. Qh5+ Ke7 35. Nf5+ Kd7 36. Ne3 Qe6 37. Nd5 Kc6 38. Nf4 Qe4+ 39. f3 Qd4 40. Qh6+ Qd6 41.
Qg7 Rae8 42. Qa7 Rhg8 0-1

[Event "Early-Titled-Tuesday-Blitz-March-26-2024"]
[Site "Chess.com"]
[Date "2024.03.26"]
[Round "6"]
[White "Aural1011"]
[Black "dealshark"]
[Result "0-1"]
[WhiteElo "1712"]
[BlackElo "2299"]
[TimeControl "180+1"]
[EndTime "9:04:57 PDT"]
[Termination "dealshark won on time"]

1. d4 Nf6 2. c4 e6 3. Nc3 Bb4 4.
Qc2 O-O 5. Nf3 c5 6. dxc5 Bxc5 7. e3 Nc6 8. a3 d5 9. Be2 dxc4 10. Bxc4 a6 11. O-O b5 12. Be2 Bb7 13. Nxb5 Bxe3 14.
Bxe3 axb5 15. Bxb5 Rc8 16. Qe2 Nd5 17. Rfd1 Qf6 18. Bg5 Qf5 19. Bd3 Qg4 20. Rac1 h6 21.
Be3 Nxe3 22. Qxe3 Ne5 23. Be2 Ng6 24. h3 Qa4 25. Ne5 Nf4 26. Bf3 Bxf3 27. Nxf3 Rfd8 28. b3 Rxd1+ 29. Rxd1 Qxa3 30. Qxf4 Qxb3 31. Qd4 g6 32. Qd7 Rc5 33. Qd8+ Kh7 34. Qd4 Rd5 35. Qf6 Rxd1+ 36. Kh2 Qb8+ 37. Ne5 Qf8 38. Nxf7 Qb8+ 0-1

[Event "Early-Titled-Tuesday-Blitz-March-26-2024"]
[Site "Chess.com"]
[Date "2024.03.26"]
[Round "6"]
[White "Zhani-Z"]
[Black "SirStrateg"]
[Result "0-1"]
[WhiteElo "2256"]
[BlackElo "2626"]
[TimeControl "180+1"]
[EndTime "9:04:58 PDT"]
[Termination "SirStrateg won on time"]

1. e4 e6 2. d4 d5 3. Nd2 Nc6 4. Ngf3 Nf6 5. e5 Nd7 6. Be2 f6 7. exf6 Qxf6 8. Nf1 Bd6 9. Ne3 b6 10. O-O Bb7 11. c3 h6 12. b4 a5 13. b5 Ne7 14.
Bd3 O-O-O 15. Ng4 Qf7 16. Re1 Nf6 17. Nge5 Qg8 18. Qc2 g5 19. c4 dxc4 20. Bxc4 Ned5 21. Nc6 Re8 22. Nfe5 Rh7 23. Bd2 Nb4 24. Qb3 Nfd5 25. a3 Nxc6 26. bxc6 Ba8 27. Qb5 Bxe5 28. dxe5 Kd8 29.
Rad1 Ke7 30. Bxa5 bxa5 31. Bxd5 exd5 32. Rxd5 Kf8 33. Rd7 Rhe7 34. e6 Qg6 35. Qe5 Kg8 36. Rxe7 Rxe7 37. Rd1 Bxc6 38. Rd8+ Be8 39. h3 Qxe6 40.
Qd4 Qe1+ 41. Kh2 Qe5+ 0-1

[Event "Early-Titled-Tuesday-Blitz-March-26-2024"]
[Site "Chess.com"]
[Date "2024.03.26"]
[Round "6"]
[White "Charodej1"]
[Black "RobertDowneyJr0111"]
[Result "0-1"]
[WhiteElo "2428"]
[BlackElo "2637"]
[TimeControl "180+1"]
[EndTime "9:04:58 PDT"]
[Termination "RobertDowneyJr0111 won by checkmate"]

1. d4 d5 2. Nf3 Nf6 3. g3 Bf5 4. Bg2 e6 5. O-O Be7 6. c4 c6 7.
Nc3 O-O 8. b3 h6 9. Bb2 Nbd7 10.
Nd2 Bh7 11. e4 dxe4 12. Ndxe4 Nxe4 13. Nxe4 Nf6 14. Nc3 Qa5 15. a3 Rfd8 16. b4 Qc7 17. Qb3 Rac8 18. Rfd1 b6 19. Rac1 Bf5 20. d5 cxd5 21.
cxd5 Qb8 22. h3 Bd6 23. Nb5 Rxc1 24. Rxc1 Nxd5 25. g4 Bg6 26. Bxd5 Bh2+ 27. Kg2 exd5 28. Qc3 Be4+ 29. Kf1 f6 30. Nd4 Re8 31. a4 Qf4 32. Re1 Qd6 33. b5 Be5 34. Qd2 Bxd4 35. Bxd4 Qh2 36.
Qe3 Bd3+ 37. Qxd3 Qh1# 0-1

[Event "Early-Titled-Tuesday-Blitz-March-26-2024"]
[Site "Chess.com"]
[Date "2024.03.26"]
[Round "6"]
[White "amylazy"]
[Black "Boorchess"]
[Result "0-1"]
[WhiteElo "2408"]
[BlackElo "2566"]
[TimeControl "180+1"]
[EndTime "9:04:58 PDT"]
[Termination "Boorchess won by resignation"]

1. d4 g6 2. e4 Bg7 3. Nc3 a6 4. Be3 d6 5. Nf3 b6 6. Bd3 Bb7 7. Qd2 h6 8. O-O-O e6 9. h4 Ne7 10. Kb1 Nd7 11. g4 c5 12. dxc5 Nxc5 13. Bxc5 dxc5 14. Qe2 Qc7 15. Qe1 Nc6 16. Nd5 exd5 17.
exd5+ Kf8 18. dxc6 Bxc6 19. Rh3 Re8 20. Qd2 b5 21. Ng1 Bd4 22. c3 Be5 23. Ne2 Kg7 24. Re3 Bf6 25. g5 hxg5 26. Rxe8 Bxe8 27. hxg5 Be7 28.
Ng3 Bc6 29. f4 Rh4 30. Rf1 Bd6 31. Ne2 Rh2 32. f5 Bg2 33. f6+ Kg8 34. Rg1 c4 35. Bxg6 fxg6 36. Rxg2 Rh1+ 37. Kc2 Qc6 38. Nd4 Qe4+ 0-1

[Event "Early-Titled-Tuesday-Blitz-March-26-2024"]
[Site "Chess.com"]
[Date "2024.03.26"]
[Round "6"]
[White "ArchibaldCerveza29"]
[Black "Likvidator228"]
[Result "0-1"]
[WhiteElo "2372"]
[BlackElo "2581"]
[TimeControl "180+1"]
[EndTime "9:05:02 PDT"]
[Termination "Likvidator228 won by resignation"]

1. e4 c5 2. Nf3 g6 3. d4 cxd4 4. Nxd4 Bg7 5. Nc3 Nc6 6. Be3 Nf6 7. Bc4 O-O 8. Bb3 a5 9. a4 Ng4 10. Qxg4 Nxd4 11. Qh4 Nxb3 12. cxb3 d6 13. Nd5 e6 14. Qxd8 Rxd8 15. Nc7 Bxb2 16. Rb1 Bc3+ 17. Ke2 Rb8 18. Ba7 Bd7 19. Bxb8 Rxb8 20. Rhc1 Bb4 21. Nb5 Bc6 22.
f3 Kf8 23. Nd4 Bc5 24. Nxc6 bxc6 25. Kd3 e5 26. Rc4 Ke7 27. Rc3 Kd7 28. Rbc1 Rb4 29. Rxc5 dxc5 30. Rxc5 Rxb3+ 31. Kc2 Ra3 32. Rxa5 Ra2+ 33.
Kd3 Rxg2 34. h4 Rh2 35. Ra7+ Ke6 36. a5 Rxh4 37. Ra8 Rh1 38. a6 Ra1 39. a7 Kf6 40. Kc4 h5 41. Kc5 h4 42. Kxc6 h3 43. Rh8 Rxa7 44. Rxh3 Ra4 45. Kd5 Rd4+ 46. Kc5 Rd2 47. Rg3 Rd1 48. Kc4 Kg7 49. Rg2 Kh6 50. Ra2 Kg5 51. Ra7 f6 52. Rf7 Rf1 53. Kd5 Rxf3 54.
Ke6 Rf4 55. Kd5 Kg4 56. Rg7 g5 57. Rg6 Kf3 58. Rg8 g4 59. Ra8 g3 60. Ra3+ Kg4 0-1

[Event "Early-Titled-Tuesday-Blitz-March-26-2024"]
[Site "Chess.com"]
[Date "2024.03.26"]
[Round "6"]
[White "DrVelja"]
[Black "quizden37"]
[Result "0-1"]
[WhiteElo "3001"]
[BlackElo "2862"]
[TimeControl "180+1"]
[EndTime "9:05:03 PDT"]
[Termination "quizden37 won by resignation"]

1. e4 c5 2. Nf3 d6 3. d4 cxd4 4. Nxd4 Nf6 5. Nc3 Nc6 6. Bc4 e6 7. Be3 a6 8. Bb3 Bd7 9. Qe2 Rc8 10. O-O-O Qc7 11. Kb1 Be7 12. f4 b5 13. a3 Na5 14.
g4 Qb7 15. Qf3 Rxc3 16. bxc3 Nxe4 17. Bc1 O-O 18. f5 Bf6 19. Rhe1 Bc6 20. fxe6 Nxb3 21. Nxc6 Nxc3+ 22. Kb2 Nxc1 23. Kxc1 Bg5+ 24. Rd2 Na2+ 25. Kd1 fxe6 26. Qb3 Bxd2 27. Qxe6+ Kh8 28. Qxd6 Qf7 29. Kxd2 h6 30. Re7 Qf2+ 31. Re2 Qf3 32. Ne5 Qc3+ 33. Kd1 Rf1+ 0-1

[Event "Early-Titled-Tuesday-Blitz-March-26-2024"]
[Site "Chess.com"]
[Date "2024.03.26"]
[Round "6"]
[White "mbojan"]
[Black "Agibileg"]
[Result "1-0"]
[WhiteElo "2896"]
[BlackElo "2755"]
[TimeControl "180+1"]
[EndTime "9:05:03 PDT"]
[Termination "mbojan won by checkmate"]

1. e4 e5 2. Nf3 Nc6 3. Bb5 a6 4. Ba4 Nf6 5. d3 d6 6. a3 Bd7 7. Nc3 g6 8. O-O Bg7 9. Bg5 h6 10. Bh4 O-O 11. Re1 g5 12. Bg3 Ne7 13. Bxd7 Qxd7 14.
d4 exd4 15. Nxd4 Rfe8 16. Qd3 Rad8 17. Rad1 Nh5 18. Qf3 Nxg3 19. hxg3 Rf8 20. g4 Be5 21. g3 Bxd4 22. Rxd4 Nc6 23. Qd1 Nxd4 24. Qxd4 f6 25. Nd5 Kg7 26. f3 Qc6 27. Qd3 Rf7 28. Kg2 Qd7 29.
c4 Qe6 30. Rh1 Qe5 31. Qc2 Qd4 32. Qe2 Qe5 33. Ne3 Rh8 34. b4 Qc3 35. Nf5+ Kf8 36. Rd1 Qxa3 37. c5 Qxb4 38. cxd6 cxd6 39. Rxd6 Kg8 40.
Qa2 Qc5 41. Rd8+ Qf8 42. Rxf8+ Kxf8 43. Qe6 Rhh7 44. Qc8# 1-0

[Event "Early-Titled-Tuesday-Blitz-March-26-2024"]
[Site "Chess.com"]
[Date "2024.03.26"]
[Round "6"]
[White "kingofthenil"]
[Black "CrushingKings"]
[Result "1-0"]
[WhiteElo "2778"]
[BlackElo "2573"]
[TimeControl "180+1"]
[EndTime "9:05:04 PDT"]
[Termination "kingofthenil won by resignation"]

1. e4 g6 2. d4 Bg7 3. Nc3 c6 4.
Bc4 d6 5. Bb3 Nd7 6. h4 h5 7.
Nf3 Ngf6 8. e5 Ng4 9. Ng5 d5 10.
e6 fxe6 11. Nxe6 Qb6 12. Na4 Qb4+ 13. Bd2 Qd6 14. Nxg7+ Kf7 15. Nxh5 gxh5 16. Qe2 b5 17. Nc3 Ndf6 18. O-O-O Bf5 19. f3 Nh6 20. Rhf1 Rag8 21. Ne4 Bxe4 22. fxe4 Qe6 23. e5 Ke8 24. Rde1 Ne4 25.
Qxh5+ Nf7 26. Qxh8 Rxh8 27. Rxe4 Qg6 28. Ref4 Nd8 29.
g4 Ne6 30. h5 Qg8 31. c3 Nxf4 32. Rxf4 Qg7 33. Bc2 Rf8 34. Bg6+ Kd8 35. Rf5 Rxf5 36. gxf5 c5 37. h6 Qh8 38. h7 Qg7 39. Bg5 Kc7 40. Kb1 e6 41. Bf6 Qh6 42. h8=Q Qd2 43. Qh1 1-0

[Event "Early-Titled-Tuesday-Blitz-March-26-2024"]
[Site "Chess.com"]
[Date "2024.03.26"]
[Round "6"]
[White "LikeWater"]
[Black "AccioChess"]
[Result "1-0"]
[WhiteElo "2713"]
[BlackElo "2532"]
[TimeControl "180+1"]
[EndTime "9:05:04 PDT"]
[Termination "LikeWater won on time"]

1. e4 c5 2. Nf3 e6 3. c3 Nf6 4. e5 Nd5 5. Bc4 d6 6. exd6 Bxd6 7. d4 O-O 8. O-O Nc6 9. dxc5 Bxc5 10. Qe2 Nce7 11.
Bg5 f6 12. Bc1 a5 13. Nbd2 Qc7 14. Ne4 Bb6 15. Ng3 e5 16. Nh4 Be6 17. Bd3 g6 18. Kh1 Rf7 19. Bh6 Qd7 20. Rad1 g5 21. Nf3 Qc6 22. Bxg5 fxg5 23. Nxe5 Qc7 24. Nxf7 Bxf7 25.
Qg4 Qf4 26. Qd7 Rb8 27. c4 Be8 28. Qh3 Nf6 29. Qe6+ Kf8 30. Qxb6 Bc6 31. Qc5 Nd7 32. Qe3 Qf6 33. Nh5 Qh6 34. Qh3 Nf6 35. Be2 1-0

[Event "Early-Titled-Tuesday-Blitz-March-26-2024"]
[Site "Chess.com"]
[Date "2024.03.26"]
[Round "6"]
[White "GeorgiosSouleidis"]
[Black "iAspet"]
[Result "0-1"]
[WhiteElo "2603"]
[BlackElo "2477"]
[TimeControl "180+1"]
[EndTime "9:05:05 PDT"]
[Termination "iAspet won on time"]

1. e4 c5 2. Be2 Nc6 3. d3 g6 4. f4 Bg7 5. Nf3 e6 6. O-O Nge7 7. c3 d5 8. Na3 O-O 9. Nc2 b5 10. e5 b4 11. cxb4 cxb4 12. d4 a5 13. g4 Qb6 14.
Kh1 Ba6 15. Bxa6 Rxa6 16. Ne3 f5 17. gxf5 Nxf5 18. Nxf5 Rxf5 19. Be3 a4 20. Rc1 Rf8 21.
Qd3 b3 22. a3 Na5 23. Nd2 Raa8 24. Rc5 Rac8 25. Rfc1 Ra8 26. Rb5 Qd8 27. Rcc5 Bh6 28.
Qc3 Nc4 29. Nxc4 dxc4 30. Qxc4 Bxf4 31. Qxe6+ Kh8 32. Bxf4 Rxf4 33. Rb7 Qf8 34. Qd5 Rf1+ 35. Kg2 Qf2+ 36. Kh3 Qf5+ 37. Kg3 Qf4+ 38. Kh3 Rf3+ 39.
Kg2 Qg4+ 0-1

[Event "Early-Titled-Tuesday-Blitz-March-26-2024"]
[Site "Chess.com"]
[Date "2024.03.26"]
[Round "6"]
[White "alexrustemov"]
[Black "vladgoncharov"]
[Result "1-0"]
[WhiteElo "2930"]
[BlackElo "2611"]
[TimeControl "180+1"]
[EndTime "9:05:07 PDT"]
[Termination "alexrustemov won on time"]

1. d4 Nf6 2. c4 e6 3. Nf3 Bb4+ 4. Bd2 Be7 5. g3 O-O 6. Bg2 d5 7. Qb3 c6 8. Bb4 Nbd7 9. Bxe7 Qxe7 10. O-O dxc4 11.
Qxc4 e5 12. Nxe5 Nxe5 13. dxe5 Qxe5 14. Nc3 Be6 15. Qb4 Qc7 16. Rfd1 Rfd8 17. h3 h6 18. a3 Rac8 19. e3 b6 20. Qa4 Bd7 21. Qa6 Be8 22.
Rac1 Qb8 23. Ne2 Rxd1+ 24. Rxd1 c5 25. Nc3 Qc7 26. Qd3 Qe7 27. a4 g6 28. a5 bxa5 29. Qa6 Rb8 30. Rd2 Kg7 31. Qxa5 Rb6 32.
Qa1 h5 33. Qd1 h4 34. g4 Qe5 35. Qa1 Qe7 36. Qa3 Rb4 37. Qa5 Rb6 38. Rc2 Qd6 39. Qa1 a6 40. Qc1 Rb4 41. Ne2 1-0

[Event "Early-Titled-Tuesday-Blitz-March-26-2024"]
[Site "Chess.com"]
[Date "2024.03.26"]
[Round "6"]
[White "Staudenhocker43"]
[Black "Matibar"]
[Result "1-0"]
[WhiteElo "2559"]
[BlackElo "2720"]
[TimeControl "180+1"]
[EndTime "9:05:10 PDT"]
[Termination "Staudenhocker43 won by checkmate"]

1. c4 b6 2. Nf3 Bb7 3. g3 g6 4.
Bg2 Bg7 5. O-O Nf6 6. b3 O-O 7. Bb2 e6 8. d4 Ne4 9. Nbd2 Nxd2 10. Qxd2 d6 11. Ne1 Bxg2 12. Nxg2 d5 13. Rac1 c6 14. cxd5 exd5 15. e3 a5 16. a4 Ra7 17.
Rc2 Re8 18. Rfc1 Bf8 19. Nf4 Rc7 20. Nd3 f6 21. Qd1 Qd7 22. Qf1 Bd6 23. Qg2 Qf5 24. Rd1 Na6 25. Rcc1 Nb4 26. Nxb4 axb4 27. Qf1 h5 28. Qd3 Re4 29. Rc2 h4 30. Rdc1 hxg3 31. hxg3 Rh7 32. Qf1 c5 33. dxc5 bxc5 34. Qg2 Rc7 35.
a5 Qe6 36. Ra1 d4 37. exd4 cxd4 38. Rxc7 Bxc7 39. a6 Re1+ 40. Rxe1 Qxe1+ 41. Qf1 Qe4 42. a7 Kg7 43. Qg2 Qe1+ 44. Kh2 Bxg3+ 45. fxg3 d3 46.
a8=Q d2 47. Qab7+ Kh6 48. Bxf6 d1=Q 49. Qg7+ Kh5 50. Qh3# 1-0

[Event "Early-Titled-Tuesday-Blitz-March-26-2024"]
[Site "Chess.com"]
[Date "2024.03.26"]
[Round "6"]
[White "Predator0608"]
[Black "daika91"]
[Result "1/2-1/2"]
[WhiteElo "2541"]
[BlackElo "2705"]
[TimeControl "180+1"]
[EndTime "9:05:10 PDT"]
[Termination "Game drawn by repetition"]

1. e4 e5 2. Nf3 Nf6 3. Nxe5 d6 4. Nf3 Nxe4 5. Nc3 Nxc3 6. dxc3 Be7 7. Bc4 O-O 8. O-O Be6 9. Qe2 Bxc4 10. Qxc4 Nd7 11.
Bf4 Nf6 12. Rfe1 Qd7 13. h3 h6 14. Re2 Rfe8 15. Rae1 Bf8 16. Qb3 b6 17. Qc4 c5 18.
Qd3 Rxe2 19. Rxe2 Re8 20. Rxe8 Nxe8 21. Qd5 Qc8 22. Nd2 Nf6 23. Qf3 d5 24. Bxh6 Ne4 25. Be3 Qe6 26. a3 f5 27. Nxe4 fxe4 28. Qh5 Bd6 29. Kf1 d4 30. cxd4 cxd4 31. Bg5 Qe5 32.
h4 d3 33. cxd3 exd3 34. Qd1 Qb5 35. Qd2 Be5 36. b4 Qc4 37. g3 Bc3 38. Qd1 d2+ 39. Kg1 Qe6 40. Be3 Qd5 41. Kf1 Qd3+ 42. Kg2 Kf8 43.
Qf3+ Kg8 44. Qd1 Kf8 45. h5 Kg8 46. Kh2 Kh7 47. Kg2 Qe4+ 48. Kh2 Qd3 49. Kg2 Qe4+ 50.
Kh2 Qd3 1/2-1/2

[Event "Early-Titled-Tuesday-Blitz-March-26-2024"]
[Site "Chess.com"]
[Date "2024.03.26"]
[Round "6"]
[White "Orest_Vovk"]
[Black "CarlosjPineror"]
[Result "1-0"]
[WhiteElo "2583"]
[BlackElo "2748"]
[TimeControl "180+1"]
[EndTime "9:05:11 PDT"]
[Termination "Orest_Vovk won by resignation"]

1. h4 e5 2. h5 h6 3. Nc3 d5 4. e4 d4 5. Nce2 Be6 6. Ng3 a6 7. Nf3 Nc6 8. Nh4 Qd7 9. Ngf5 Nge7 10. Nxe7 Bxe7 11. d3 O-O-O 12. a3 Rdg8 13. g3 g5 14. hxg6 fxg6 15. Bd2 Bf6 16. Qe2 Ne7 17. O-O-O g5 18.
Nf5 Nxf5 19. exf5 Bxf5 20. Bg2 c6 21. Rde1 Re8 22. Be4 Bg4 23. f3 Be6 24. g4 Bg7 25.
Ba5 Rhf8 26. Qd2 Bd5 27. Qb4 Bxe4 28. fxe4 Rf4 29. Qb6 Kb8 30. Rhg1 Bf6 31. Bb4 Bd8 32. Qc5 Bc7 33. Rh1 Qe6 34. Reg1 b6 35. Qc4 Qxc4 36.
dxc4 c5 37. Bd2 Rf6 38. Rf1 Ref8 39. Rf5 Rxf5 40. gxf5 Rf6 41. Kd1 Kc8 42. Ke2 Kd7 43. Kf3 Ke7 44. Kg4 Kf7 45. Bxg5 hxg5 46. Rh7+ Kg8 47.
Rxc7 Rf7 48. Rxf7 Kxf7 49. Kxg5 b5 50. b3 a5 51. a4 1-0

[Event "Early-Titled-Tuesday-Blitz-March-26-2024"]
[Site "Chess.com"]
[Date "2024.03.26"]
[Round "6"]
[White "Aleksandar-Topalov"]
[Black "TimGrutter03"]
[Result "0-1"]
[WhiteElo "2350"]
[BlackElo "2563"]
[TimeControl "180+1"]
[EndTime "9:05:11 PDT"]
[Termination "TimGrutter03 won on time"]

1. b3 e5 2. Bb2 Nc6 3. e3 g6 4. c4 Bg7 5. d3 Nge7 6. Nd2 O-O 7. a3 f5 8. Qc2 a6 9. Ngf3 d6 10. Be2 h6 11. O-O Be6 12. d4 e4 13. d5 exf3 14.
Bxf3 Bxd5 15. cxd5 Ne5 16. Bxe5 Bxe5 17. Rac1 Rc8 18.
g3 g5 19. Bg2 Qe8 20. f4 Bg7 21. Rce1 Qd7 22. Nf3 g4 23. Nh4 Bf6 24. e4 Bxh4 25.
gxh4 fxe4 26. Qxe4 Nf5 27. Qb4 b6 28. Re6 Qg7 29.
Qe4 Nxh4 30. Re7 Rf7 31. Qe6 Rf8 32. Be4 Nf3+ 33. Kh1 Nd4 34. Rxf7 Nxe6 35. Rxg7+ Nxg7 36. f5 Nh5 37. Rf4 Nf6 38. Bg2 Re8 39. h3 g3 40.
Kg1 Re3 41. Rh4 Kg7 42. Rc4 Re1+ 43. Bf1 Nxd5 0-1

[Event "Early-Titled-Tuesday-Blitz-March-26-2024"]
[Site "Chess.com"]
[Date "2024.03.26"]
[Round "6"]
[White "kids2010"]
[Black "ContrVersia"]
[Result "1-0"]
[WhiteElo "2810"]
[BlackElo "2911"]
[TimeControl "180+1"]
[EndTime "9:05:12 PDT"]
[Termination "kids2010 won by resignation"]

1. e4 c5 2. Nf3 a6 3. c3 e6 4. d4 d5 5. exd5 exd5 6. Be2 Nf6 7. O-O h6 8. Re1 Be6 9. Be3 c4 10. Ne5 Bd6 11. b3 cxb3 12. axb3 O-O 13. Nd2 Qc7 14. Rc1 Bxe5 15. dxe5 Qxe5 16. Bd4 Qf5 17. Nf1 Nbd7 18. g3 Qg6 19. Ne3 Rfe8 20. Bd3 Qh5 21. Be2 Qg5 22. h4 Qg6 23. Ng2 Bg4 24. Bxg4 Qxg4 25. Qxg4 Nxg4 26. Nf4 Ngf6 27. Red1 Rad8 28. Kg2 g5 29. hxg5 hxg5 30.
Nh3 Nh7 31. Ng1 f6 32. Rc2 Nhf8 33. Be3 Ne5 34. Rcd2 Rc8 35. Rxd5 Rxc3 36. b4 Nc4 37. Bd4 Rb3 38. Bxf6 Rxb4 39. Rxg5+ Kf7 40. Bc3 Rb5 41. Rg7+ Ke6 42. Re1+ Ne5 43. Nf3 Nd7 44. Nd4+ Kf6 45. Rxd7 Nxd7 46. Nxb5+ 1-0

[Event "Early-Titled-Tuesday-Blitz-March-26-2024"]
[Site "Chess.com"]
[Date "2024.03.26"]
[Round "6"]
[White "Grischuk"]
[Black "ChessLover0108"]
[Result "1-0"]
[WhiteElo "3070"]
[BlackElo "2961"]
[TimeControl "180+1"]
[EndTime "9:05:13 PDT"]
[Termination "Grischuk won by checkmate"]

1. d4 Nf6 2. c4 e6 3. Bg5 c5 4.
d5 exd5 5. cxd5 g6 6. e4 d6 7. Nc3 Bg7 8. Bd3 O-O 9. Nge2 a6 10. a4 Nbd7 11. O-O Qc7 12. Qd2 Re8 13. Ng3 Rb8 14.
Bh6 Bh8 15. h3 c4 16. Bc2 b5 17. axb5 axb5 18. Rae1 Nc5 19. f4 b4 20. Nd1 Ba6 21.
Rf3 Nfd7 22. e5 dxe5 23. f5 e4 24. Nxe4 Nxe4 25. Bxe4 Nc5 26. Nf2 c3 27. bxc3 b3 28.
Bb1 Na4 29. f6 Rxe1+ 30. Qxe1 b2 31. Re3 Bb5 32. Ng4 Qd8 33. Re5 Bxf6 34. Nxf6+ Qxf6 35. Kh2 Qd6 36. Bf4 Qd7 37. Re7 Qd8 38. Qe5 Rb6 39.
d6 f6 40. Qe6+ Kh8 41. Qxf6+ Kg8 42. Qg7# 1-0

[Event "Early-Titled-Tuesday-Blitz-March-26-2024"]
[Site "Chess.com"]
[Date "2024.03.26"]
[Round "6"]
[White "Igor_Lysyj"]
[Black "VladimirKramnik"]
[Result "1-0"]
[WhiteElo "2848"]
[BlackElo "2989"]
[TimeControl "180+1"]
[EndTime "9:05:13 PDT"]
[Termination "Igor_Lysyj won on time"]

1. d4 d5 2. c4 c6 3. Nf3 Nf6 4. e3 Bf5 5. cxd5 cxd5 6. Qb3 Qc7 7. Bd2 a6 8. Nc3 e6 9. Nh4 Bg6 10. Nxg6 hxg6 11. g3 Nc6 12. Bg2 Bd6 13. O-O O-O-O 14. Rfc1 Kb8 15. Na4 Ne4 16. Be1 Ka7 17. Qc2 f5 18. b4 Rc8 19. Qb2 Qe7 20. b5 Ba3 21.
Qb3 Bxc1 22. Rxc1 Nxd4 23. b6+ Ka8 24. Rxc8+ Rxc8 25. exd4 Rc1 26. Qe3 Rb1 27. Bxe4 dxe4 28. Kg2 Qd7 29. Nc5 Qd5 30. Bc3 g5 31. Qxg5 e3+ 32.
f3 e2 33. Qxg7 Rxb6 34. Qf8+ Ka7 35. Qc8 e1=Q 36. Bxe1 Rb2+ 37. Bf2 Qxa2 38. Nd3 Rc2 39. d5+ Rxf2+ 40. Nxf2 Qxd5 41. h4 a5 42. h5 a4 43. h6 f4 44. g4 Qd4 45. h7 1-0

[Event "Early-Titled-Tuesday-Blitz-March-26-2024"]
[Site "Chess.com"]
[Date "2024.03.26"]
[Round "6"]
[White "Andrei_Skvortsov"]
[Black "moro182"]
[Result "0-1"]
[WhiteElo "2737"]
[BlackElo "2896"]
[TimeControl "180+1"]
[EndTime "9:05:15 PDT"]
[Termination "moro182 won by resignation"]

1. e4 g6 2. d4 Bg7 3. h3 d6 4.
Nf3 Nf6 5. Bd3 O-O 6. O-O Nc6 7.
c3 e5 8. Re1 h6 9. Na3 Nh5 10.
Nc2 Qf6 11. Ne3 exd4 12. Nd5 Qd8 13. cxd4 Nxd4 14. Nxd4 Bxd4 15. Bxh6 Bg7 16. Qd2 c6 17. Nc3 Bxh6 18. Qxh6 Qf6 19. Qe3 Re8 20. Qd2 Nf4 21.
Kh2 Qg5 22. Bf1 Nxh3 23. Qxd6 Nxf2 24. Qg3 Qe5 25. Qxe5 Ng4+ 26. Kg3 Nxe5 27. Rad1 Kg7 28. Be2 Be6 29. b3 Rad8 30. Rxd8 Rxd8 31. Rd1 Rxd1 32.
Bxd1 Kf6 33. Kf4 g5+ 34. Ke3 Ng6 35. Kd4 Ke7 36. e5 Nh4 37. Ne4 g4 38. Ng5 Bc8 39. Ne4 Nxg2 40. Nd6 Be6 41. Nxb7 g3 42. Nc5 Nh4 43. Ke3 Bd5 44. Nd3 Nf5+ 45. Ke2 Ke6 46. Bc2 Nd4+ 47. Kd2 0-1

[Event "Early-Titled-Tuesday-Blitz-March-26-2024"]
[Site "Chess.com"]
[Date "2024.03.26"]
[Round "6"]
[White "Mops_2004"]
[Black "RandomNoob04"]
[Result "0-1"]
[WhiteElo "2810"]
[BlackElo "2659"]
[TimeControl "180+1"]
[EndTime "9:05:15 PDT"]
[Termination "RandomNoob04 won on time"]

1. Nf3 Nf6 2. g3 d5 3. Bg2 e6 4.
O-O Be7 5. d3 O-O 6. Bf4 c5 7.
a4 Nc6 8. e4 dxe4 9. dxe4 Nxe4 10. Ne5 Nxe5 11. Bxe5 Nf6 12. a5 Nd7 13. Bd6 Nf6 14. Be5 Nd7 15. Bf4 e5 16. Be3 Qc7 17.
Nc3 Nf6 18. a6 Rb8 19. axb7 Bxb7 20. Rxa7 Qb6 21. Rxb7 Rxb7 22. Bxb7 Qxb7 23. b3 c4 24. bxc4 Rc8 25. Qd3 e4 26. Qe2 Qc6 27. Rb1 Qxc4 28. Qxc4 Rxc4 29. Rb8+ Bf8 30. Rb3 h6 31. Kf1 Bb4 32.
Na2 Bd6 33. c3 Ra4 34. Nb4 Ng4 35. h3 Nxe3+ 36. fxe3 Bxg3 37. c4 Bd6 38. Nd5 Rxc4 39.
Ke2 Rc2+ 40. Kd1 Rh2 41. Rb6 Bg3 42. Rb4 f5 43. Ne7+ Kf7 44. Nxf5 Rxh3 45. Rb7+ Kf6 46. Nxg7 Be5 47. Ke2 Rh2+ 48. Kf1 h5 49. Ne8+ Ke6 50.
Rb6+ Ke7 0-1

[Event "Early-Titled-Tuesday-Blitz-March-26-2024"]
[Site "Chess.com"]
[Date "2024.03.26"]
[Round "6"]
[White "profedechess93"]
[Black "Brahianzevich"]
[Result "1-0"]
[WhiteElo "2657"]
[BlackElo "2458"]
[TimeControl "180+1"]
[EndTime "9:05:17 PDT"]
[Termination "profedechess93 won on time"]

1. e4 c5 2. Nf3 d6 3. Bb5+ Nd7 4. d4 cxd4 5. Qxd4 a6 6. Bxd7+ Bxd7 7. Bg5 h6 8. Bh4 Qa5+ 9. Nc3 Rc8 10. O-O-O Nf6 11. e5 dxe5 12. Nxe5 Be6 13. Rhe1 Qc5 14. Qa4+ b5 15.
Qxa6 b4 16. Qb5+ Qxb5 17. Nxb5 Bxa2 18. Bxf6 gxf6 19. Nd7 Be6 20. Nb6 Rc6 21. Na8 Bd7 22. Nac7+ Kd8 23. Nd5 Rc5 24. Na7 Ra5 25. Nc8 Ra1+ 26.
Kd2 Rxd1+ 27. Rxd1 Kxc8 28. Ke2 Be6 29. Nxb4 Bg7 30.
Nc6 Kc7 31. Nb4 Rd8 32. Ra1 Rb8 33. Na6+ Kb7 34. Nxb8 Kxb8 35. b3 f5 36. Ra5 f4 37.
Kf3 Kc7 38. Kxf4 Bd7 39. Ra7+ Kd6 40. c4 Be5+ 41. Kf3 Bc3 42. Ra6+ Bc6+ 43. Kg4 Bb4 44. f3 Bd2 45. g3 Kc5 46. Ra7 e6 47. Rxf7 e5 48. Rf6 1-0

[Event "Early-Titled-Tuesday-Blitz-March-26-2024"]
[Site "Chess.com"]
[Date "2024.03.26"]
[Round "6"]
[White "Kate1606"]
[Black "jcmesafischer"]
[Result "0-1"]
[WhiteElo "2078"]
[BlackElo "2353"]
[TimeControl "180+1"]
[EndTime "9:05:17 PDT"]
[Termination "jcmesafischer won on time"]

1. e4 c5 2. a3 d6 3. b4 Nf6 4. d3 g6 5. Bb2 Bg7 6. g3 O-O 7. Bg2 Nc6 8. bxc5 dxc5 9. Ne2 Qb6 10. Bc3 Nd4 11. Nd2 Nxe2 12. Qxe2 Bg4 13. f3 Be6 14. O-O Rfd8 15. Kh1 Qa6 16. a4 b6 17. h3 Bd7 18.
f4 Bxa4 19. Kh2 b5 20. e5 Nd5 21. Bb2 Rab8 22. Rfb1 Qb6 23. Ne4 Nb4 24. Rc1 a5 25.
Ng5 h6 26. Ne4 Rbc8 27. Bc3 Nc6 28. Bd2 Nd4 29. Qf2 Bxc2 30. Bxa5 Qb8 31. Bxd8 Rxd8 32. Rxc2 Nxc2 33. Qxc2 c4 34. dxc4 bxc4 35. Qxc4 Qb2 36.
Rf1 g5 37. e6 gxf4 38. exf7+ Kh8 39. Qe6 Qe5 40. Qxe5 Bxe5 41. gxf4 Bg7 42. Kg3 Rf8 43. Kh4 Rxf7 44. f5 Bf6+ 45. Kg3 Rg7+ 46. Kh2 Be5+ 47. Kh1 Rg8 48. Rd1 Rc8 0-1

[Event "Early-Titled-Tuesday-Blitz-March-26-2024"]
[Site "Chess.com"]
[Date "2024.03.26"]
[Round "6"]
[White "Sattarov_Bobur"]
[Black "Sanan_Sjugirov"]
[Result "0-1"]
[WhiteElo "2848"]
[BlackElo "3021"]
[TimeControl "180+1"]
[EndTime "9:05:18 PDT"]
[Termination "Sanan_Sjugirov won on time"]

1. e4 c5 2. Nf3 Nc6 3. d4 cxd4 4. Nxd4 Nf6 5. Nc3 d6 6. f3 e5 7. Nb3 Be7 8. Be3 O-O 9. Qe2 Na5 10. O-O-O Nxb3+ 11.
cxb3 Be6 12. Qb5 Qc8 13. Bc4 a6 14. Bxe6 Qxc3+ 15. bxc3 axb5 16. Bd5 Rxa2 17. Bxb7 Rb8 18. Bd5 Nxd5 19. exd5 Rc8 20. Kb1 Rxg2 21. Rd2 Rxd2 22.
Bxd2 f5 23. Rd1 Kf7 24. Be1 Bf6 25. Rc1 e4 26. fxe4 fxe4 27. c4 bxc4 28. Rxc4 Rxc4 29. bxc4 Bd4 30. Kc2 Kf6 31. Kd2 Kf5 32. Ke2 Bc5 33. Bg3 Kg4 34. Be1 g5 35. Bd2 h5 36.
Bc1 Kf5 37. Bd2 g4 38. Be1 Bd4 39. Bg3 Be5 40. Kf2 Kf6 41. Ke2 Kf5 42. Kf2 Bd4+ 43.
Ke2 Bc5 44. Kd2 Kg5 45. Be1 h4 46. Ke2 g3 47. hxg3 h3 48. Bf2 h2 0-1